 Dungeon Crawl Stone Soup version 0.30-a0-170-g85af917532 (webtiles) character file.

Game seed: 13887999629226400976

63 testman the Trooper (level 4, -3/50 HPs)
             Began as an Ogre Berserker on Sept 30, 2022.
             Was a Follower of Trog.
             Slain by an orc
             ... wielding the +5 rapier "Ihusk" {vorpal, rC+ SInv Stlth-}
              (9 damage)
             ... on level 3 of the Dungeon.
             The game lasted 00:03:12 (1506 turns).

testman the Trooper (Ogre Berserker)                Turns: 1506, Time: 00:03:12

Health: -3/50      AC:  3    Str: 23    XL:     4   Next: 9%
Magic:  4/4        EV: 10    Int:  8    God:    Trog [*.....]
Gold:   129        SH:  0    Dex:  8    Spells: 3/3 levels left

rFire   . . .      SeeInvis .    a - +0 mace
rCold   . . .      Faith    .    (no shield)
rNeg    . . .      Spirit   .    b - +0 animal skin
rPois   .          Reflect  .    (helmet restricted)
rElec   .          Harm     .    (no cloak)
rCorr   .          Rampage  .    (gloves unavailable)
Will    .....                    (boots unavailable)
Stlth   +.........               d - amulet of magic regeneration
HPRegen 0.16/turn                (no ring)
MPRegen 0.49/turn                (no ring)

@: on berserk cooldown, slowed, very slow
A: large, unfitting armour, tough skin 1
a: Renounce Religion, Berserk


You were on level 3 of the Dungeon.
You worshipped Trog.
Trog was aware of your devotion.
You visited 1 branch of the dungeon, and saw 3 of its levels.

You collected 129 gold pieces.

Inventory:

Hand Weapons
 a - a +0 mace (weapon)
Missiles
 m - 9 poisoned darts (quivered)
Armour
 b - a +0 animal skin (worn)
Jewellery
 d - an amulet of magic regeneration (around neck)
Wands
 o - a wand of acid (5)
Scrolls
 c - 3 scrolls of teleportation {unknown}
 e - a scroll of torment {unknown}
 f - a scroll of vulnerability {unknown}
 g - a scroll of summoning {unknown}
 h - 2 scrolls of amnesia {unknown}
 j - a scroll of fear {unknown}
 k - a scroll of fog {unknown}
Potions
 i - a potion of curing {unknown}
 l - a potion of flight {unknown}
 n - a potion of might {unknown}
 p - a potion of ambrosia {unknown}


   Skills:
 + Level 5.3 Fighting
 + Level 3.6 Maces & Flails
 - Level 2.6 Dodging


You had 3 spell levels left.
You didn't know any spells.
Your spell library was empty.

Dungeon Overview and Level Annotations

Branches:
Dungeon (3/15)

Altars:
Dithmenos


Innate Abilities, Weirdness & Mutations

You are too large for most types of armour.
You have tough skin. (AC +1)


Message History

Your Fighting skill increases to level 5!
You have reached level 4!
You closely miss the orc. The orc closely misses you.
You barely miss the orc. The orc barely misses you.
You closely miss the orc. You closely miss the orc.
The orc hits you with a +0 hand axe.
You barely miss the orc. The orc closely misses you.
You closely miss the orc. The orc hits you with a +0 hand axe.
You closely miss the orc. The orc closely misses you.
You completely miss the orc. The orc hits you with a +0 hand axe.
You barely miss the orc. The orc hits you with a +0 hand axe.
You completely miss the orc.
You are no longer berserk.
You are exhausted.
You feel yourself slow down.
You closely miss the orc. The orc closely misses you.
The orc hits you with a +0 hand axe.
You barely miss the orc. The orc hits you with a +0 hand axe. x2
You hit the orc.
The orc is moderately wounded.
The orc closely misses you. The orc hits you but does no damage.
You hit the orc.
You kill the orc!
Trog accepts your kill. The orc hits you with a +0 flail.
You hit the orc.
The orc is lightly wounded.
The orc hits you but does no damage.
You sock the orc!
You kill the orc!
Trog accepts your kill.
The orc hits you with the +5 rapier "Ihusk" {vorpal, rC+ SInv Stlth-}.
You closely miss the orc. You punch the orc, but do no damage.
The orc hits you with the +5 rapier "Ihusk" {vorpal, rC+ SInv Stlth-}. x2
* * * LOW HITPOINT WARNING * * *
x2 You barely miss the orc.
The orc hits you with the +5 rapier "Ihusk" {vorpal, rC+ SInv Stlth-}.
* * * LOW HITPOINT WARNING * * *
x2 The orc hits you with the +5 rapier "Ihusk" {vorpal, rC+ SInv Stlth-}!
You die...

# #. ## .. #..#. ...# #.
#.... ### .?.# #.. ##..#
.... ...# #......# .....
...###...#####
......####..............
......o@.#$.......##..##
###..###..........###.##
# ##...............
#..##..#######... #.##
#########†. #.#
#_.÷÷...8.. #.#
#.....÷..## #.#
#...÷...8## ##.#
#........#


You could see an orc.

Vanquished Creatures
  An orc wizard (D:3)
  A worm (D:3)
  4 orcs (D:3)
  5 ball pythons
  6 bats
  2 endoplasms (D:2)
  4 goblins
  A kobold (D:2)
  2 quokkas (D:1)
  A rat (D:3)
27 creatures vanquished.

Notes
Turn   | Place    | Note
-------+----------+-------------------------------------------
     0 | D:1      | testman the Ogre Berserker began the quest for the Orb.
     0 | D:1      | Reached XP level 1. HP: 24/24 MP: 1/1
   169 | D:1      | Reached XP level 2. HP: 33/33 MP: 2/2
   309 | D:1      | You fall into a shaft and drop 1 floor!
  1068 | D:3      | Found a shadowy altar of Dithmenos.
  1197 | D:3      | Reached XP level 3. HP: 37/40 MP: 3/3
  1403 | D:3      | Found a faded altar of an unknown god.
  1477 | D:3      | Identified the +5 rapier "Ihusk" {vorpal, rC+ SInv Stlth-}
  1489 | D:3      | Reached skill level 5 in Fighting
  1489 | D:3      | Reached XP level 4. HP: 50/50 MP: 4/4
  1506 | D:3      | Slain by an orc

Illustrated notes

Levels and vault maps discovered:
D:1:      zaba_arrival_water, layout_loops_ring, minmay_misc_feat_roman
D:2:      layout_basic
D:3:      layout_rooms, mainiacjoe_overflow_small_starburst,
          shapermc_ecumenical_altar_pompeii

Skill      XL: |  1  2  3 |
---------------+----------+-----
Maces & Flails | 3 |  3.6
Fighting       | 5 |  5.3
Dodging        | |  2.6

Action                   |  1- 3 |  4- 6 || total
-------------------------+-------+-------++-------
Melee: Mace              |    83 |    18 ||   101
       Punch             |     1 |     1 ||     2
Invok: Berserk           |     1 |       ||     1
 Stab: Sleeping          |     1 |       ||     1
Armor: Animal skin       |    35 |     2 ||    37
Dodge: Dodged            |    36 |     6 ||    42

Table legend: (Time is in decaauts)
 A = Elapsed time spent in this place.
 B = Non-inter-level travel time spent in this place.
 C = Inter-level travel time spent in this place.
 D = Time resting spent in this place.
 E = Time spent auto-exploring this place.
 F = Levels seen in this place.
 G = Mean time per level.
                   A        B        C        D        E       F      G
               +--------+--------+--------+--------+--------+-----+--------+
         Total |   1532 |   1520 |     12 |      0 |   1272 |   3 |  510.7 |
       Dungeon |   1532 |   1520 |     12 |      0 |   1272 |   3 |  510.7 |
               +--------+--------+--------+--------+--------+-----+--------+

Top non-repeatable levels by time:
     D:2: 718 daAuts
     D:3: 492 daAuts
     D:1: 321 daAuts
